 Dungeon Crawl Stone Soup version 0.29.0-5-ge4962eb29e (webtiles) character file.

Game seed: 11694781087515289000

33 ImASeal the Blocker (level 3, -2/25 HPs)
             Began as a Gnoll Wanderer on Aug 29, 2022.
             Slain by an adder (4 damage)
             ... on level 2 of the Dungeon.
             The game lasted 00:03:42 (1432 turns).

ImASeal the Blocker (Gnoll Wanderer)                Turns: 1432, Time: 00:03:43

Health: -2/25      AC:  5    Str:  8    XL:     3   Next: 29%
Magic:  7/7        EV: 11    Int: 11    God:
Gold:   53         SH:  7    Dex: 16    Spells: 7/7 levels left

rFire   . . .      SeeInvis .   a - +0 falchion
rCold   . . .      Faith    .   b - +0 buckler {AC+3}
rNeg    . . .      Spirit   .   f - +0 robe
rPois   .          Reflect  .   (no helmet)
rElec   .          Harm     .   (no cloak)
rCorr   .          Rampage  .   (no gloves)
Will    .....                   (no boots)
Stlth   ++........              (no amulet)
HPRegen 0.08/turn               (no ring)
MPRegen 0.10/turn               (no ring)

@: no status effects
A: fangs 1, strong nose, distributed training
a: no special abilities


You were on level 2 of the Dungeon.
You visited 1 branch of the dungeon, and saw 2 of its levels.

You collected 53 gold pieces.

Inventory:

Hand Weapons
 a - a +0 falchion (weapon)
 d - a +0 dagger
 h - a +0 dagger of draining
Missiles
 c - 8 poisoned darts (quivered)
Armour
 b - a +0 buckler of protection (worn)
 f - a +0 robe (worn)
Scrolls
 e - 2 scrolls of vulnerability
 k - a scroll of blinking {unknown}
Potions
 g - a potion of flight {unknown}
 i - 2 potions of might {unknown}
 l - a potion of haste {unknown}


   Skills:
 + Level 0.8 Fighting
 + Level 0.8 Short Blades
 + Level 2.6 Long Blades
 + Level 0.8 Axes
 + Level 0.8 Maces & Flails
 + Level 0.8 Polearms
 + Level 0.8 Staves
 + Level 0.8 Ranged Weapons
 + Level 4.5 Throwing
 + Level 2.6 Armour
 + Level 0.8 Dodging
 + Level 0.8 Stealth
 + Level 10.4 Shields
 + Level 0.8 Unarmed Combat
 + Level 2.8 Spellcasting
 + Level 0.5 Conjurations
 + Level 0.5 Hexes
 + Level 0.5 Summonings
 + Level 0.5 Necromancy
 + Level 0.5 Translocations
 + Level 0.5 Transmutations
 + Level 0.5 Fire Magic
 + Level 0.5 Ice Magic
 + Level 0.5 Air Magic
 + Level 0.5 Earth Magic
 + Level 0.5 Poison Magic
 + Level 1.0 Invocations
 + Level 0.8 Evocations


You had 7 spell levels left.
You didn't know any spells.
Your spell library was empty.

Dungeon Overview and Level Annotations

Branches:
Dungeon (2/15)

Altars:


Innate Abilities, Weirdness & Mutations

You have very sharp teeth.
Your uncanny sense of smell can sniff out nearby items.
Your experience applies equally to all skills.


Message History

You block the rat's attack.
You closely miss the adder.
The adder is moderately wounded.
You feel sick. You block the adder's attack. The adder barely misses you.
The rat bites you.
You hit the adder.
The adder is severely wounded.
You feel sick. You block the adder's attack. The rat closely misses you.
The adder misses you.
You miss the adder.
The adder is severely wounded.
You feel sick.
You are no longer poisoned.
The rat bites you but does no damage. The adder bites you.
You are poisoned.
The adder poisons you!
You are too injured to fight recklessly!
You feel sick. The rat attacks as you move away! The rat completely misses you.
You feel sick. The adder bites you but does no damage.
You feel sick.
The rat twitches its whiskers.
The adder attacks as you move away! The adder closely misses you.
You feel sick. The adder attacks as you move away!
The adder bites you but does no damage.
You feel sick. The rat bites you but does no damage.
The adder bites you but does no damage. The adder attacks as you move away!
The adder bites you but does no damage.
You feel sick.
You are no longer poisoned.
You hit the rat but do no damage. The rat bites you but does no damage.
You closely miss the rat. The rat barely misses you. The rat bites you.
* * * LOW HITPOINT WARNING * * *
You barely miss the rat. You block the rat's attack.
You hit the rat but do no damage. The rat bites you but does no damage.
You hit the rat but do no damage. The rat bites you but does no damage.
You hit the rat.
You kill the rat!
The adder bites you.
You die...

#......# #.# #......# #.#
##......# #.. ########
#.......# ### #......#
##.......# ∆
#......####........#
#...........####...# ..
#........############+#.#
#.....>.......@.##......#
#........##.###S##......##
#........##.# #...........
#........##.#
#........####
####.....##.#
##........... ########.#
#.......#### ...
###.........
.........#..#####
.......#$#.$#


You could see an adder.

Vanquished Creatures
  2 dart slugs (D:1)
  3 ball pythons
  2 endoplasms (D:1)
  5 hobgoblins (D:1)
  4 kobolds (D:1)
  2 quokkas (D:1)
  2 bats
  4 frilled lizards (D:1)
  A goblin (D:1)
  4 rats
29 creatures vanquished.

Notes
Turn   | Place    | Note
-------+----------+-------------------------------------------
     0 | D:1      | Reached skill level 10 in Shields
     0 | D:1      | ImASeal the Gnoll Wanderer began the quest for the Orb.
     0 | D:1      | ImASeal set off with the following items: a +0 falchion, a
                  | +0 buckler of protection, 9 poisoned darts, a +0 dagger, a
                  | scroll of vulnerability, a +0 robe.
     0 | D:1      | Reached XP level 1. HP: 13/13 MP: 4/4
   170 | D:1      | Reached XP level 2. HP: 18/19 MP: 5/5
   728 | D:1      | Reached XP level 3. HP: 14/25 MP: 7/7
  1093 | D:1      | Found a faded altar of an unknown god.
  1412 | D:2      | Reached skill level 1 in Invocations
  1432 | D:2      | Slain by an adder

Illustrated notes

Levels and vault maps discovered:
D:1:      dpeg_arrival_erosion, layout_basic,
          shapermc_ecumenical_altar_mp_vishouse
D:2:      layout_basic, basic_altar, st_stairs_4

Skill      XL: |  1  2  3 |
---------------+----------+-----
Shields        | | 10.4
Invocations    | 1 |  1.0
Fighting       | |  0.8
Short Blades   | |  0.8
Long Blades    | |  2.6
Axes           | |  0.8
Maces & Flails | |  0.8
Polearms       | |  0.8
Staves         | |  0.8
Ranged Weapons | |  0.8
Throwing       | |  4.5
Armour         | |  2.6
Dodging        | |  0.8
Stealth        | |  0.8
Unarmed Combat | |  0.8
Spellcasting   | |  2.8
Conjurations   | |  0.5
Hexes          | |  0.5
Summonings     | |  0.5
Necromancy     | |  0.5
Translocations | |  0.5
Transmutations | |  0.5
Fire Magic     | |  0.5
Ice Magic      | |  0.5
Air Magic      | |  0.5
Earth Magic    | |  0.5
Poison Magic   | |  0.5
Evocations     | |  0.8

Action                   || total
-------------------------++-------
Melee: Falchion          ||    74
       Bite              ||     9
Throw: Dart              ||    34
       Stone             ||     4
Armor: Robe              ||    32
Dodge: Dodged            ||    40
Block: Buckler           ||    27
